MLB
CHICAGO WHITE SOX @ CINCINNATI REDS
05/25/2044
 
TOP OF THE 1ST
Chicago White Sox batting - Pitching for Cincinnati Reds : LHP Eddie Grape
Pitching: LHP Eddie Grape
Batting: SHB Dan Lash 0-0: Ball
1-0: Called Strike
1-1: Called Strike
1-2: Ball
2-2: SINGLE (Groundball, 6D, EV 111.3 MPH)
Batting: RHB Steve Castleberry 0-0: Called Strike
0-1: Called Strike
0-2: Ball
1-2: Ball
2-2: Foul Ball, location: 2F
2-2: Ball
3-2: Foul Ball, location: 2F
3-2: Foul Ball, location: 2F
3-2: Fly out, F9 (Line Drive, 9, EV 97.5 MPH)
Batting: RHB Joseph Disepolo 0-0: Called Strike
0-1: Ball
1-1: Swinging Strike
1-2: Foul Ball, location: 2F
1-2: Ball
2-2: Foul Ball, location: 2F
2-2: DOUBLE (Line Drive, 9LS, EV 105.0 MPH)
Dan Lash to third
Batting: LHB Randy Rosenberry 0-0: Ball
1-0: Ball
2-0: Called Strike
2-1: Ball
3-1: SINGLE (Groundball, 4MD, EV 109.4 MPH)
Dan Lash scores
Joseph Disepolo to third
Runner from 3rd tries for Home, SAFE, throw by CF to home
Batting: RHB Rocky Campbell 0-0: Called Strike
0-1: Ball
1-1: Ball
2-1: Ball
3-1: Swinging Strike
3-2: Ground out 4-3 (Groundball, 4, EV 84.4 MPH)
Randy Rosenberry to second
Batting: RHB Hiroshige Yamada 0-0: Called Strike
0-1: Ball
1-1: Swinging Strike
1-2: Foul Ball, location: 2F
1-2: Ball
2-2: Foul Ball, location: 2F
2-2: Foul Ball, location: 2F
2-2: Foul Ball, location: 2F
2-2: Ball
3-2: Fly out, F7 (Flyball, 7LS, EV 86.3 MPH)
Top of the 1st over - 2 runs, 3 hits, 0 errors, 1 left on base; Chicago 2 - Cincinnati 0
BOTTOM OF THE 1ST
Cincinnati Reds batting - Pitching for Chicago White Sox : RHP Ricky Salas
Pitching: RHP Ricky Salas
Batting: LHB Jon Ledesma 0-0: Ball
1-0: Called Strike
1-1: Ball
2-1: Fly out, F4 (Line Drive, 4, EV 68.8 MPH)
Batting: SHB Dave Barefoot 0-0: Called Strike
0-1: Ball
1-1: Ball
2-1: Ground out 4-3 (Groundball, 4, EV 95.0 MPH)
Batting: LHB Jake Bill 0-0: Ball
1-0: Called Strike
1-1: Ball
2-1: Ball
3-1: Called Strike
3-2: Foul Ball, location: 2F
3-2: Ground out 4-3 (Groundball, 4S, EV 67.5 MPH)
Bottom of the 1st over - 0 runs, 0 hits, 0 errors, 0 left on base; Chicago 2 - Cincinnati 0
TOP OF THE 2ND
Chicago White Sox batting - Pitching for Cincinnati Reds : LHP Eddie Grape
Batting: LHB Jack Christie 0-0: Swinging Strike
0-1: Ball
1-1: Ball
2-1: Ground out 6-3 (Groundball, 6, EV 81.9 MPH)
Batting: RHB Jason Moss 0-0: Swinging Strike
0-1: Ball
1-1: Foul Ball, location: 2F
1-2: Fly out, F8 (Flyball, 8RXD, EV 101.3 MPH)
Batting: RHB Leo Navarro 0-0: Ball
1-0: Ball
2-0: Ball
3-0: Called Strike
3-1: Fly out, F8 (Flyball, 8LS, EV 90.0 MPH)
Top of the 2nd over - 0 runs, 0 hits, 0 errors, 0 left on base; Chicago 2 - Cincinnati 0
BOTTOM OF THE 2ND
Cincinnati Reds batting - Pitching for Chicago White Sox : RHP Ricky Salas
Batting: RHB Willie Cardamone 0-0: Ball
1-0: Foul Ball, location: 2F
1-1: SINGLE (Groundball, 5S, EV 68.1 MPH) (infield hit)
Batting: SHB Saulo Maina 0-0: Ball
1-0: Called Strike
1-1: Ball
2-1: Ball
3-1: 2-RUN HOME RUN (Flyball, 9D, EV 97.5 MPH), Distance : 385 ft
Batting: RHB Fred Slade 0-0: Called Strike
0-1: Fly out, F8 (Flyball, 8RD, EV 88.8 MPH)
Batting: LHB Sean Geisler 0-0: Called Strike
0-1: Foul Ball, location: 2F
0-2: Ground out 4-3 (Groundball, 4, EV 81.9 MPH)
Batting: LHB Jesus Lozano 0-0: Ball
1-0: Called Strike
1-1: Ball
2-1: Swinging Strike
2-2: Strikes out swinging
Bottom of the 2nd over - 2 runs, 2 hits, 0 errors, 0 left on base; Chicago 2 - Cincinnati 2
TOP OF THE 3RD
Chicago White Sox batting - Pitching for Cincinnati Reds : LHP Eddie Grape
Batting: SHB Dan Lash 0-0: Called Strike
0-1: Swinging Strike
0-2: Strikes out swinging
Batting: RHB Steve Castleberry 0-0: Ball
1-0: Ball
2-0: Ball
3-0: Called Strike
3-1: Foul Ball, location: 2F
3-2: Base on Balls
Batting: RHB Joseph Disepolo 0-0: Called Strike
0-1: Ball
1-1: Ball
2-1: Foul Ball, location: 2F
2-2: SINGLE (Line Drive, 78S, EV 91.9 MPH)
Steve Castleberry to second
Batting: LHB Randy Rosenberry 0-0: Called Strike
0-1: Ball
1-1: Swinging Strike
1-2: Ball
2-2: Ball
3-2: Fielders Choice at 2nd, 3-6 (Groundball, 3, EV 106.3 MPH)
Steve Castleberry to third
Batting: RHB Rocky Campbell 0-0: Ball
1-0: Called Strike
1-1: Ground out 5-3 (Groundball, 5S, EV 81.9 MPH)
Top of the 3rd over - 0 runs, 1 hit, 0 errors, 2 left on base; Chicago 2 - Cincinnati 2
BOTTOM OF THE 3RD
Cincinnati Reds batting - Pitching for Chicago White Sox : RHP Ricky Salas
Batting: LHB Andy Arbuckle 0-0: Called Strike
0-1: Ball
1-1: SINGLE (Line Drive, 9S, EV 103.8 MPH)
Batting: LHB Jon Ledesma 0-0: Ball
1-0: Ball
2-0: Called Strike
2-1: Foul Ball, location: 2F
2-2: Strikes out swinging
Batting: SHB Dave Barefoot 0-0: Ball
1-0: Foul Ball, location: 2F
1-1: Foul Ball, location: 2F
1-2: Ball
2-2: Foul Ball, location: 2F
2-2: Foul Ball, location: 2F
2-2: Ground out 6-3 (Groundball, 6MS, EV 88.1 MPH)
Andy Arbuckle to second
Batting: LHB Jake Bill 0-0: Fly out, F8 (Line Drive, 8RD, EV 93.1 MPH)
Bottom of the 3rd over - 0 runs, 1 hit, 0 errors, 1 left on base; Chicago 2 - Cincinnati 2
TOP OF THE 4TH
Chicago White Sox batting - Pitching for Cincinnati Reds : LHP Eddie Grape
Batting: RHB Hiroshige Yamada 0-0: Swinging Strike
0-1: Ball
1-1: Ball
2-1: Ground out 5-3 (Groundball, 56, EV 86.9 MPH)
Batting: LHB Jack Christie 0-0: Foul Ball, location: 2F
0-1: SINGLE (Groundball, 4MD, EV 95.0 MPH)
Batting: RHB Jason Moss 0-0: Ball
1-0: Swinging Strike
1-1: Ball
2-1: Ball
3-1: Base on Balls
Jack Christie to second
Batting: RHB Leo Navarro 0-0: Ball
1-0: Fly out, F8 (Line Drive, 8RD, EV 94.4 MPH)
Batting: SHB Dan Lash 0-0: Ground out U3 (Groundball, 34, EV 108.8 MPH)
Top of the 4th over - 0 runs, 1 hit, 0 errors, 2 left on base; Chicago 2 - Cincinnati 2
BOTTOM OF THE 4TH
Cincinnati Reds batting - Pitching for Chicago White Sox : RHP Ricky Salas
Batting: RHB Willie Cardamone 0-0: Called Strike
0-1: Ball
1-1: Ball
2-1: Ground out 5-3 (Groundball, 56S, EV 78.8 MPH)
Batting: SHB Saulo Maina 0-0: Ball
1-0: Foul Ball, location: 2F
1-1: Fly out, F8 (Flyball, 78D, EV 100.0 MPH)
Batting: RHB Fred Slade 0-0: DOUBLE (Line Drive, 9LD, EV 98.1 MPH)
Batting: LHB Sean Geisler 0-0: Called Strike
0-1: Ball
1-1: Ball
2-1: Foul Ball, location: 2F
2-2: SINGLE (Groundball, 4MS, EV 67.5 MPH) (infield hit)
Fred Slade to third
Batting: LHB Jesus Lozano 0-0: Ball
1-0: Swinging Strike
1-1: Ball
2-1: Foul Ball, location: 2F
2-2: Foul Ball, location: 2F
2-2: SINGLE (Line Drive, 4MD, EV 96.9 MPH)
Fred Slade scores
Sean Geisler to second
Runner from 2nd tries for 3rd, OUT after rundown.
Bottom of the 4th over - 1 run, 3 hits, 0 errors, 1 left on base; Chicago 2 - Cincinnati 3
TOP OF THE 5TH
Chicago White Sox batting - Pitching for Cincinnati Reds : LHP Eddie Grape
Batting: RHB Steve Castleberry 0-0: Called Strike
0-1: Foul Ball, location: 2F
0-2: Ball
1-2: Fly out, F8 (Flyball, 8RD, EV 102.5 MPH)
Batting: RHB Joseph Disepolo 0-0: Called Strike
0-1: Hit by Pitch
Batting: LHB Randy Rosenberry 0-0: Called Strike
Joseph Disepolo steals 2nd base (no throw)
0-1: Ball
1-1: Called Strike
1-2: Ball
2-2: Ball
3-2: Foul Ball, location: 2F
3-2: Foul Ball, location: 2F
3-2: Fly out, F9 (Flyball, 9LM, EV 88.8 MPH)
Runner from 2nd tags up, SAFE at 3rd with throw by RF
Pitching: RHP Timmy John Aaron-Lee Frank Silveira
Batting: RHB Rocky Campbell 0-0: Swinging Strike
0-1: Called Strike
0-2: Ball
1-2: Foul Ball, location: 2F
1-2: Ball
2-2: Strikes out swinging
Top of the 5th over - 0 runs, 0 hits, 0 errors, 1 left on base; Chicago 2 - Cincinnati 3
BOTTOM OF THE 5TH
Cincinnati Reds batting - Pitching for Chicago White Sox : RHP Ricky Salas
Batting: LHB Andy Arbuckle 0-0: Ball
1-0: Ball
2-0: Swinging Strike
2-1: Fly out, F8 (Flyball, 89M, EV 89.4 MPH)
Batting: LHB Jon Ledesma 0-0: Called Strike
0-1: Ball
1-1: Ball
2-1: Swinging Strike
2-2: Foul Ball, location: 2F
2-2: Strikes out swinging
Batting: SHB Dave Barefoot 0-0: Ground out 6-3 (Groundball, 6M, EV 80.0 MPH)
Bottom of the 5th over - 0 runs, 0 hits, 0 errors, 0 left on base; Chicago 2 - Cincinnati 3
TOP OF THE 6TH
Chicago White Sox batting - Pitching for Cincinnati Reds : RHP Timmy John Aaron-Lee Frank Silveira
Batting: RHB Hiroshige Yamada 0-0: Ground out 6-3 (Groundball, 6, EV 92.5 MPH)
Batting: LHB Jack Christie 0-0: Ground out 4-3 (Groundball, 4, EV 101.9 MPH)
Batting: RHB Jason Moss 0-0: Called Strike
0-1: Ground out 4-3 (Groundball, 4, EV 87.5 MPH)
Top of the 6th over - 0 runs, 0 hits, 0 errors, 0 left on base; Chicago 2 - Cincinnati 3
BOTTOM OF THE 6TH
Cincinnati Reds batting - Pitching for Chicago White Sox : RHP Ricky Salas
Batting: LHB Jake Bill 0-0: Ball
1-0: Foul Ball, location: 2F
1-1: Swinging Strike
1-2: Fly out, F9 (Flyball, 9LS, EV 83.8 MPH)
Batting: RHB Willie Cardamone 0-0: Called Strike
0-1: Foul Ball, location: 2F
0-2: Ball
1-2: Ball
2-2: Strikes out swinging
Batting: SHB Saulo Maina 0-0: Fly out, F8 (Flyball, 8LD, EV 100.6 MPH)
Bottom of the 6th over - 0 runs, 0 hits, 0 errors, 0 left on base; Chicago 2 - Cincinnati 3
TOP OF THE 7TH
Chicago White Sox batting - Pitching for Cincinnati Reds : RHP Timmy John Aaron-Lee Frank Silveira
Batting: RHB Leo Navarro 0-0: Ball
1-0: Fly out, F5 (Line Drive, 5, EV 63.1 MPH)
Batting: SHB Dan Lash 0-0: Ground out U3 (Groundball, 3, EV 85.0 MPH)
Batting: RHB Steve Castleberry 0-0: Called Strike
0-1: Foul Ball, location: 2F
0-2: Ball
1-2: Foul Ball, location: 2F
1-2: Foul Ball, location: 2F
1-2: Ball
2-2: Ball
3-2: Base on Balls
Batting: RHB Joseph Disepolo 0-0: Ball
1-0: Called Strike
1-1: Foul Ball, location: 2F
1-2: Ball
2-2: Foul Ball, location: 2F
2-2: Ball
Steve Castleberry is caught stealing 2nd base 2-4
Top of the 7th over - 0 runs, 0 hits, 0 errors, 0 left on base; Chicago 2 - Cincinnati 3
BOTTOM OF THE 7TH
Cincinnati Reds batting - Pitching for Chicago White Sox : RHP Ricky Salas
Batting: RHB Fred Slade 0-0: Ball
1-0: Ground out 6-3 (Groundball, 56, EV 108.1 MPH)
Batting: LHB Sean Geisler 0-0: Ball
1-0: Fly out, F8 (Flyball, 8LD, EV 95.0 MPH)
Batting: LHB Jesus Lozano 0-0: Ball
1-0: SINGLE (Line Drive, 78S, EV 109.4 MPH)
Batting: LHB Andy Arbuckle 0-0: Called Strike
0-1: Called Strike
0-2: Ball
1-2: Strikes out swinging
Bottom of the 7th over - 0 runs, 1 hit, 0 errors, 1 left on base; Chicago 2 - Cincinnati 3
TOP OF THE 8TH
Chicago White Sox batting - Pitching for Cincinnati Reds : RHP Timmy John Aaron-Lee Frank Silveira
Pitching: RHP Juan Barroso
Batting: RHB Joseph Disepolo 0-0: SOLO HOME RUN (Flyball, 78XD, EV 106.9 MPH), Distance : 435 ft
Pitching: LHP Justin Sullins
Batting: LHB Randy Rosenberry 0-0: Ball
1-0: Ball
2-0: Called Strike
2-1: Ball
3-1: Ground out 6-3 (Groundball, 56D, EV 85.0 MPH)
Batting: RHB Rocky Campbell 0-0: Foul Ball, location: 2F
0-1: Ball
1-1: SINGLE (Groundball, 34D, EV 94.4 MPH)
Batting: RHB Hiroshige Yamada Pickoff Throw to First - Error! E1
Rocky Campbell to second
0-0: Intentional Walk
Batting: LHB Jack Christie 0-0: Ball
1-0: Swinging Strike
1-1: Ball
2-1: Fly out, F6 (Popup, 6S, EV 66.9 MPH)
Batting: RHB Jason Moss 0-0: Called Strike
0-1: Foul Ball, location: 2F
0-2: Ball
1-2: Fly out, F9 (Flyball, 9D, EV 98.1 MPH)
Top of the 8th over - 1 run, 2 hits, 1 error, 2 left on base; Chicago 3 - Cincinnati 3
BOTTOM OF THE 8TH
Cincinnati Reds batting - Pitching for Chicago White Sox : RHP Ricky Salas
Batting: LHB Jon Ledesma 0-0: Called Strike
0-1: Swinging Strike
0-2: Ball
1-2: Ball
2-2: Ground out 4-3 (Groundball, 4, EV 79.4 MPH)
Batting: SHB Dave Barefoot 0-0: Called Strike
0-1: Foul Ball, location: 2F
0-2: Ball
1-2: SINGLE (Line Drive, 7S, EV 106.9 MPH)
Batting: LHB Jake Bill 0-0: Ball
1-0: Ball
Dave Barefoot is caught stealing 2nd base 2-6
2-0: Ball
3-0: Foul Ball, location: 2F
3-1: Hit by Pitch
Pinch Runner at 1st Willie Lazcano:
Batting: RHB Willie Cardamone 0-0: Ball
1-0: Ball
2-0: Foul Ball, location: 2F
2-1: Foul Ball, location: 2F
2-2: Foul Ball, location: 2F
2-2: Ball
3-2: DOUBLE (Line Drive, 7LM, EV 105.0 MPH)
Willie Lazcano to third
Willie Lazcano scores
Pitching: RHP Adam Ratcliff
Batting: SHB Saulo Maina 0-0: Ball
1-0: Fly out, F9 (Flyball, 9, EV 81.9 MPH)
Bottom of the 8th over - 1 run, 2 hits, 0 errors, 1 left on base; Chicago 3 - Cincinnati 4
TOP OF THE 9TH
Chicago White Sox batting - Pitching for Cincinnati Reds : LHP Justin Sullins
Pitching: LHP Paul Forbes
Batting: RHB Leo Navarro 0-0: Ball
1-0: Ball
2-0: Ball
3-0: Base on Balls
Pinch Runner at 1st Cesar Herrera:
Batting: SHB Dan Lash 0-0: Ball
1-0: Sac Bunt to P - play at first, batter OUT! 1-4
Cesar Herrera to second
Batting: RHB Steve Castleberry 0-0: Ball
1-0: Swinging Strike
1-1: Foul Ball, location: 2F
1-2: Strikes out swinging
Batting: RHB Joseph Disepolo 0-0: Swinging Strike
0-1: Ball
1-1: Swinging Strike
1-2: Ball
2-2: Ball
3-2: Foul Ball, location: 2F
3-2: Base on Balls
Batting: LHB Randy Rosenberry 0-0: Called Strike
0-1: Ball
1-1: Foul Ball, location: 2F
1-2: Foul Ball, location: 2F
1-2: Ball
2-2: Ball
3-2: Strikes out swinging
Top of the 9th over - 0 runs, 0 hits, 0 errors, 2 left on base; Chicago 3 - Cincinnati 4
Thursday, March 31st , 2022 - OOTP Baseball 22.12 Build 89